Map: Daybreak LE (Void)

Players

Dark - Winner!

  • Race: Zerg Zerg
  • Spawn Location: 7:00

ByuN

  • Race: Terran Terran
  • Spawn Location: 1:00

Event: IEM Season 11 - Gyeonggi

VOD

https://www.youtube.com/watch?v=a_iYddm3Ols

Description

Time

  • Played on: Dec. 14, 2016, 11:17 p.m.
  • Length: 11:52

All games in this series

Show
View Real Time Build Order
Export as new Build Order

Dark Zerg - Winner!

Build Orders: Pool First, Muta Ling Bane 

Get SALT Encoding   

  12  0:01  Drone  
  13  0:13  Overlord  
  13  0:18  Drone  
  14  0:31  Drone x2  
  16  0:36  Drone  
  17  0:48  Drone  
  17  0:49  Spawning Pool  
  17  0:56  Drone  
  18  1:11  Hatchery  
  18  1:14  Drone  
  18  1:22  Drone  
  18  1:24  Extractor  
  18  1:33  Drone  
  18  1:36  Queen  
  18  1:39  Zergling x2  
  22  1:53  Overlord  
  22  2:06  Hatchery  
  21  2:10  Drone  
  22  2:16  Queen  
  22  2:22  Drone  
  25  2:27  Metabolic Boost  
  25  2:33  Drone x2  
  27  2:37  Drone  
  27  2:43  Drone  
  29  2:47  Drone  
  29  2:48  Drone  
  29  2:50  Drone  
  32  2:57  Overlord  
  32  2:59  Drone  
  32  3:02  Drone  
  32  3:03  Drone  
  35  3:17  Queen  
  35  3:18  Queen  
  39  3:20  Drone  
  39  3:23  Drone  
  39  3:24  Drone  
  39  3:26  Drone  
  43  3:31  Drone x2  
  43  3:34  Evolution Chamber  
  44  3:35  Drone  
  45  3:44  Overlord  
  45  3:46  Drone x4  
  49  3:50  Drone  
  50  3:59  Overlord  
  50  4:01  Zerg Ground Armor Level 1, Overlord  
  50  4:05  Queen  
  50  4:09  Queen  
  52  4:13  Drone x2  
  56  4:17  Queen  
  56  4:21  Drone x2  
  60  4:26  Zergling x8  
  64  4:31  Zergling x6  
  64  4:36  Overlord  
  64  4:38  Zergling x6  
  70  4:39  Zergling x2  
  70  4:44  Queen  
  73  4:50  Zergling x2  
  73  4:52  Overlord  
  74  4:57  Overlord  
  74  5:01  Overlord  
  74  5:02  Overlord  
  74  5:08  Overlord  
  74  5:11  Drone x4  
  74  5:14  Lair  
  78  5:16  Extractor  
  78  5:17  Baneling Nest, Zergling x6  
  78  5:19  Drone x2  
  78  5:20  Drone  
  82  5:22  Drone  
  82  5:23  Drone, Spore Crawler  
  82  5:28  Zergling x6  
  86  5:35  Drone x2  
  88  5:44  Zergling x8  
  92  5:51  Drone x2  
  92  5:55  Zerg Melee Weapons Level 1, Extractor  
  93  5:59  Drone x3, Extractor  
  92  6:09  Zergling x2  
  92  6:10  Zergling x14  
  87  6:16  Zergling x6  
  87  6:18  Centrifical Hooks  
  87  6:21  Hatchery  
  87  6:22  Drone x2  
  87  6:25  Spore Crawler  
  87  6:26  Drone x6, Extractor  
  87  6:31  Drone  
  87  6:32  Drone  
  94  6:38  Spire, Extractor  
  94  6:39  Drone x2  
  94  6:42  Baneling x4  
  94  6:49  Drone  
  94  6:51  Drone x4  
  98  6:55  Hatchery  
  98  6:57  Zergling x4  
  98  6:58  Zergling x6  
  98  7:00  Baneling x5  
  102  7:04  Drone  
  102  7:05  Evolution Chamber  
  102  7:10  Zergling x10  
  102  7:12  Overseer  
  106  7:15  Pneumatized Carapace  
  106  7:20  Overlord  
  106  7:21  Overlord x2  
  106  7:24  Drone x2  
  106  7:26  Drone x2  
  110  7:33  Zerg Ground Armor Level 2  
  110  7:44  Zergling x4  
  110  7:45  Drone, Zergling x6  
  110  7:46  Drone  
  112  7:59  Mutalisk x7  
  112  8:00  Mutalisk  
  112  8:02  Zergling x4  
  112  8:04  Overseer  
  130  8:10  Drone  
  130  8:11  Drone x2  
  133  8:13  Extractor  
  133  8:16  Mutalisk x2  
  133  8:19  Zergling x14  
  142  8:29  Zergling x12  
  142  8:34  Drone  
  149  8:35  Overlord  
  149  8:41  Overlord  
  149  8:42  Overlord  
  149  8:47  Zerg Flyer Weapons Level 1  
  149  8:50  Zerg Melee Weapons Level 2  
  149  8:55  Mutalisk x3  
  149  8:56  Mutalisk  
  157  9:04  Zergling x32  
  157  9:09  Zergling x6  
  173  9:16  Overlord x3  
  173  9:17  Overlord x2  
  171  9:25  Mutalisk  
  171  9:28  Baneling x6  
  171  9:29  Baneling x3  
  173  9:35  Mutalisk  
  173  9:37  Zergling x26  
  188  9:42  Zergling x14  
  195  9:47  Zergling x6  
  195  9:48  Zergling x2  
  195  9:52  Zergling x2  
  189  10:00  Mutalisk x3  
  189  10:04  Zergling x12  
  199  10:16  Baneling x20  
  199  10:17  Baneling x14  
  199  10:19  Hatchery  
  197  10:28  Zergling x4  
  199  10:46  Zergling x2  
  200  10:54  Baneling x14  
  200  10:55  Baneling x9  
  195  11:08  Zergling x14  
  195  11:09  Zergling x4  
  195  11:17  Zergling x36  
  195  11:18  Zergling x4  
  171  11:28  Zergling x24  
  171  11:32  Baneling, Zergling x2  
  166  11:33  Baneling x6  
  166  11:35  Zergling x8  
Show
View Real Time Build Order
Export as new Build Order

ByuN Terran 

Build Orders: Reaper Expand, MMM Bio 

Get SALT Encoding   

  12  0:00  SCV  
  13  0:12  SCV  
  14  0:17  Supply Depot  
  14  0:24  SCV  
  15  0:39  SCV  
  15  0:41  Barracks  
  16  0:44  Refinery  
  16  0:51  SCV  
  17  1:03  SCV  
  18  1:15  SCV  
  19  1:28  Orbital Command, Reaper  
  20  1:41  Command Center  
  20  1:51  Barracks  
  20  1:55  SCV  
  20  2:00  Barracks Reactor  
  21  2:05  Supply Depot  
  21  2:09  SCV  
  21  2:14  Refinery  
  22  2:21  SCV  
  23  2:26  Factory  
  23  2:33  SCV  
  24  2:39  Marine x2  
  24  2:40  Barracks Tech Lab  
  26  2:45  SCV  
  27  2:53  Orbital Command  
  27  3:01  Stimpack  
  27  3:03  Marine x2  
  29  3:05  Marine  
  29  3:09  SCV  
  31  3:16  Starport  
  31  3:20  Factory Reactor  
  31  3:24  Marine x2  
  31  3:26  Marine  
  34  3:31  SCV x2  
  36  3:37  Supply Depot  
  36  3:42  Marine x2  
  36  3:44  Marine  
  36  3:46  SCV x2  
  41  3:53  Supply Depot  
  41  3:58  SCV x2  
  41  4:02  Medivac x2  
  45  4:06  Marine  
  45  4:07  Marine  
  45  4:08  Marine  
  50  4:13  SCV x2  
  52  4:17  Supply Depot  
  52  4:23  Marine  
  53  4:24  Marine  
  53  4:26  Marine, SCV x2  
  53  4:30  Supply Depot  
  57  4:38  SCV x2  
  59  4:42  Engineering Bay  
  59  4:43  Engineering Bay  
  59  4:44  Marine  
  59  4:45  Marine x2  
  62  4:48  Medivac  
  64  4:55  SCV x2  
  64  4:56  Refinery  
  66  5:01  Combat Shields  
  66  5:04  Supply Depot  
  67  5:07  SCV  
  67  5:08  Marine x3  
  67  5:11  SCV  
  71  5:15  Terran Infantry Weapons Level 1  
  71  5:16  Terran Infantry Armor Level 1  
  71  5:19  SCV  
  72  5:25  SCV  
  72  5:26  Supply Depot  
  73  5:31  SCV  
  74  5:39  Marine x3  
  74  5:40  Command Center  
  77  5:45  Factory Reactor  
  77  5:46  SCV  
  77  5:48  SCV  
  79  5:52  Barracks  
  79  5:57  Marine x3  
  79  6:05  SCV x2  
  70  6:15  Marine x2  
  70  6:16  Marine  
  70  6:17  SCV x2  
  68  6:27  Barracks x2  
  68  6:28  Refinery  
  68  6:29  SCV x2  
  68  6:30  Armory  
  68  6:31  Liberator, Widow Mine x2  
  68  6:32  Marine x2  
  74  6:34  Marine  
  77  6:40  Barracks Reactor  
  77  6:41  SCV x2  
  79  6:47  Medivac  
  79  6:50  Marine x2  
  79  6:52  Marine  
  87  6:54  SCV  
  87  6:55  SCV  
  89  7:04  Widow Mine x2  
  89  7:08  Marine x2, SCV x2  
  95  7:10  Marine  
  98  7:19  Terran Infantry Weapons Level 2, Terran Infantry Armor Level 2  
  98  7:20  SCV x2  
  100  7:25  Marine x2  
  100  7:27  Barracks Reactor x2  
  102  7:32  SCV x2, Orbital Command  
  102  7:34  Widow Mine x2  
  108  7:37  Marine  
  109  7:46  Supply Depot x2  
  109  7:49  Marine x2  
  109  7:50  Marine  
  109  7:51  Marine  
  113  7:55  Marine  
  105  8:02  Widow Mine x2  
  109  8:05  Marine  
  109  8:06  Marine x5  
  109  8:09  Barracks x2  
  109  8:10  Barracks  
  115  8:18  Marine x3  
  118  8:23  Marine x2, Unknown  
  118  8:24  Marine x3  
  118  8:26  Supply Depot  
  123  8:29  Supply Depot  
  123  8:31  Widow Mine x2  
  123  8:33  Marine  
  125  8:34  Missile Turret  
  125  8:36  Marine x3  
  128  8:41  Marine x3  
  131  8:52  Missile Turret  
  131  8:53  Terran Vehicle And Ship Armor Level 1  
  131  8:56  Marine x5  
  131  8:59  Barracks Reactor x2, Barracks Tech Lab, Widow Mine x2  
  140  9:06  Medivac x2  
  140  9:07  Marine  
  143  9:16  Marine x4, Marauder  
  149  9:20  Supply Depot x2  
  149  9:23  Marine x3  
  152  9:28  Widow Mine x2  
  156  9:41  Marine  
  156  9:42  Marine x8, Marauder x2, Medivac x2  
  173  9:54  Refinery  
  173  9:57  Widow Mine  
  173  9:58  Missile Turret  
  173  10:01  Widow Mine, Missile Turret  
  173  10:04  SCV x3  
  168  10:13  Marine  
  168  10:14  Marine x5  
  173  10:22  Marine, Missile Turret  
  173  10:23  Marine x3  
  173  10:26  Widow Mine  
  173  10:27  SCV  
  173  10:31  Unknown x2  
  173  10:32  Marauder x2, Unknown, SCV x2  
  173  10:35  Marine x2  
  179  10:39  Concussive Shells  
  181  10:43  Marine  
  181  10:44  Marine, Missile Turret  
  181  10:51  Marine x2  
  181  11:04  Marine x5, Widow Mine x2  
  181  11:05  Marauder, Marine  
  181  11:06  Marauder  
  180  11:14  Marine  
  155  11:20  Marine x5  
  125  11:30  Marine  
  125  11:31  Marine  
  125  11:32  Marine  
  110  11:33  Marine  
  114  11:43  Unknown x3  

Tags
 
Add a new tag
Caveats
  • Supply blocks, unpowered buildings, or Contaminate may cause inaccurate times.
  • Supply counts are checked every 10 seconds.